 Dungeon Crawl Stone Soup version 0.25-a0-561-g0977b4d109 (webtiles) character file.

Game seed: 17962256313758646794, levelgen mode: deterministic

203 vurker the Gusty (level 5, -2/22 HPs)
             Began as a Felid Air Elementalist on Feb 25, 2020.
             Was an Initiate of Vehumet.
             Slain by a centaur (10 damage)
             ... on level 5 of the Dungeon.
             The game lasted 00:07:39 (5545 turns).

vurker the Gusty (Felid Air Elementalist)           Turns: 5545, Time: 00:07:40

Health: -2/22      AC:  1    Str:  4    XL:     5   Next: 51%
Magic:  0/11       EV: 18    Int: 18    God:    Vehumet [......]
Gold:   147        SH:  0    Dex: 16    Spells: 1/11 levels left
                                        Lives:  0   Deaths: 1

rFire    . . .     SeeInvis +   (weapon unavailable)
rCold    . . .     Gourm    .   (shield unavailable)
rNeg     + . .     Faith    .   (armour unavailable)
rPois    .         Spirit   .   (helmet unavailable)
rElec    .         Reflect  .   (cloak unavailable)
rCorr    .         Harm     .   (gloves unavailable)
MR       .....                  (boots unavailable)
Stlth    +++.......             (no amulet)
HPRegen  0.07/turn              k - ring of positive energy
MPRegen  0.12/turn              (no ring)

@: quick
A: very small, no armour, no weapons or thrown items, stealth, claws 1, fangs 3,
see invisible, carnivore, speed 1, shaggy fur 1, slow metabolism 1, sharp paws
a: Renounce Religion


You were on level 5 of the Dungeon.
You worshipped Vehumet.
Vehumet was noncommittal.
You were completely stuffed.

You visited 2 branches of the dungeon, and saw 6 of its levels.

You collected 186 gold pieces.
You spent 39 gold pieces at shops.

Inventory:

Jewellery
 k - a ring of positive energy (left paw)
   (You found it on level 2 of the Dungeon)
Scrolls
 b - 4 scrolls of remove curse
 d - 2 scrolls of teleportation
 n - 2 scrolls of amnesia
Potions
 a - a potion of brilliance {unknown}
 c - a potion of magic
 i - a potion of heal wounds
 m - 3 potions of haste
Comestibles
 e - 6 rations
 f - 3 chunks of flesh


   Skills:
 + Level 2.1 Fighting
 - Level 2.6 Dodging
 - Level 2.6 Stealth
 * Level 3.7 Spellcasting
 + Level 2.2 Conjurations
 * Level 4.3 Air Magic


You had one spell level left.
You knew the following spells:

 Your Spells              Type           Power        Failure   Level  Hunger
a - Shock                 Conj/Air       ###.         4%          1    None
b - Lightning Bolt        Conj/Air       ###.......   73%         5    ######.
c - Airstrike             Air            ###.......   26%         4    ####...

Your spell library contained the following spells:

 Spells                   Type           Power        Failure   Level  Hunger
 Freeze                   Ice            #...         16%         1    None
 Swiftness                Chrm/Air       ##......     10%         2    ##.....
 Static Discharge         Conj/Air       ###.....     12%         3    ###....
 Frozen Ramparts          Ice            #.....       41%         3    ###....
 Ozocubu's Armour         Chrm/Ice       #.......     41%         3    ###....
 Hailstorm                Conj/Ice       #.......     67%         4    ####...
 Summon Ice Beast         Ice/Summ       #.......     83%         4    ####...


Dungeon Overview and Level Annotations

Branches:
Dungeon (5/15)             Temple (1/1) D:4

Altars:
Cheibriados
Dithmenos
Fedhas
Gozag
Hepliaklqana
Kikubaaqudgha
Nemelex Xobeh
Okawaru
Sif Muna
Vehumet
Wu Jian
Xom
Zin
The Shining One

Shops:
D:5 *

Annotations:
D:5 Menkaure


Innate Abilities, Weirdness & Mutations

You cannot wear armour.
You are incapable of wielding weapons or throwing items.
Your paws allow you to move quietly. (Stealth)
You have sharp claws.
You have razor-sharp teeth.
You have supernaturally acute eyesight. (SInv)
You are carnivorous and can eat meat at any time.
You cover ground quickly.
You are covered in fur. (AC +1)
You have a slow metabolism.
Your sharp claws are effective at attacking unaware monsters.


Message History

You kill the orc!
Vehumet accepts your kill.
You can't see any susceptible monsters within range! (Use Z to cast anyway.)
You can't see any susceptible monsters within range! (Use Z to cast anyway.)
You can't see any susceptible monsters within range! (Use Z to cast anyway.)
You can't see any susceptible monsters within range! (Use Z to cast anyway.)
An ogre comes into view. It is wielding a +0 giant club.
An ogre is nearby!
Aim: an ogre, wielding a +0 giant club (hasn't noticed you)
The zap hits the ogre.
The ogre shouts!
Aim: an ogre, wielding a +0 giant club (lightly wounded)
The zap misses the ogre.
Aim: an ogre, wielding a +0 giant club (lightly wounded)
The air twists around and strikes the ogre!
The orc priest shouts!
The orc priest mumbles some strange prayers to Beogh against you.
Beogh smites you!
Ouch! That really hurt!
* * * LOW HITPOINT WARNING * * *
A centaur comes into view.
The centaur wields a +0 shortbow.
The centaur shoots an arrow.
The arrow misses you.
Found a runed emerald ring.
You see here an arrow.
You don't have enough magic to cast that spell.
You aren't carrying any items that you can evoke.
Unknown command.
You don't have enough magic to cast that spell.
The centaur shoots an arrow.
The arrow misses you.
The centaur shoots an arrow.
The arrow misses you.
You see here an arrow.
The centaur shoots an arrow.
The arrow completely misses you.
Menkaure, Prince of Dust comes into view.
The centaur unwields a +0 shortbow.
The centaur completely misses you.
Aim: a centaur, quivering 16 arrows The zap hits the centaur.
The centaur misses you. The centaur completely misses you.
Aim: a centaur, quivering 16 arrows (lightly wounded)
The zap hits the centaur.
The centaur misses you.
Aim: a centaur, quivering 16 arrows (lightly wounded)
The zap hits the centaur.
The centaur misses you. The centaur hits you.
* * * LOW HITPOINT WARNING * * *
Aim: a centaur, quivering 16 arrows (moderately wounded)
The zap hits the centaur.
Menkaure shouts!
The centaur closely misses you.
You don't have enough magic to cast that spell.
You scratch the centaur. The centaur barely misses you. The centaur hits you!
You die...

##......# #..#
#.#.####..###..
........# #..######.#.#
#.......
##......###.........#.#
#...#...
.....÷......#######.#.#
###.#..#
##.##.########## #.#.#
#....# ............O(.#
#.#.# ##....
##.##.########.## #.#.#
#.#.# ...##.# #.(.###.#
#.#.# #####.# #.#.#@##.#
#.#.# #.. .M......c..#
#.#.# ###
##.##...=..#.#######.#.#
#. ####.#.#............
# ##.#######...... #
#.#.... #......
####÷..... ##.##......


You could see an ogre, Menkaure and a centaur.

Vanquished Creatures
  A hound (D:5)
  An orc priest (D:4)
  3 orc wizards (D:4)
  Terence (D:2)
  A gnoll (D:1)
  3 adders (D:2)
  An ooze (D:1)
  5 worms
  5 dart slugs
  15 orcs
  7 bats
  A giant cockroach (D:1)
  2 goblins
  2 hobgoblins
  10 kobolds
  A quokka (D:2)
  6 frilled lizards
  A leopard gecko skeleton (D:4)
  4 rats
70 creatures vanquished.

Notes
Turn   | Place    | Note
-------+----------+-------------------------------------------
     0 | D:1      | vurker the Felid Air Elementalist began the quest for the
                  | Orb.
     0 | D:1      | Reached XP level 1. HP: 7/7 MP: 4/4
   110 | D:1      | Reached skill level 1 in Conjurations
   275 | D:1      | Reached skill level 3 in Air Magic
   275 | D:1      | Reached XP level 2. HP: 12/12 MP: 0/6
   580 | D:1      | Reached XP level 3. HP: 15/15 MP: 4/7
  1216 | D:2      | Reached skill level 1 in Fighting
  1404 | D:2      | Noticed Terence
  1442 | D:2      | Killed Terence
  1442 | D:2      | Reached XP level 4. HP: 16/19 MP: 2/9
  3653 | D:4      | Reached XP level 5. HP: 15/22 MP: 1/10
  3866 | D:4      | Found a staircase to the Ecumenical Temple.
  3896 | Temple   | Entered the Ecumenical Temple
  3916 | Temple   | Became a worshipper of Vehumet
  4042 | D:4      | Reached skill level 4 in Air Magic
  4044 | D:4      | Killed from afar by an orc priest
  4045 | D:4      | Reached XP level 4. HP: 0/19 MP: 2/10
  4585 | D:4      | Reached XP level 5. HP: 22/22 MP: 4/11
  4958 | D:5      | Entered Level 5 of the Dungeon
  5155 | D:5      | Found a glowing silver altar of Zin.
  5207 | D:5      | Learned a level 5 spell: Lightning Bolt
  5212 | D:5      | Learned a level 4 spell: Airstrike
  5265 | D:5      | Found Mufius's General Store.
  5284 | D:5      | Bought a scroll of teleportation for 39 gold pieces
  5510 | D:5      | Noticed an ogre
  5535 | D:5      | Noticed a centaur
  5540 | D:5      | Noticed Menkaure
  5545 | D:5      | Slain by a centaur

Levels and vault maps discovered:
D:1:      dpeg_arrival_more_subterranean_lakeside_camping, layout_rooms
D:2:      layout_loops_ring, uniq_terence
D:3:      layout_basic, first_ration
D:4:      layout_cave_pods, minmay_temple_entry_statues_fountains
D:5:      layout_loops_ring, ebering_ghost_disaster_area, serial_shops, shop,
          basic_altar, uniq_menkaure, uniq_blork_the_orc
Temple:   nicolae_temple_the_god_donut

Skill      XL: |  1  2  3  4  5 |
---------------+----------------+-----
Conjurations   | 1 2 |  2.2
Air Magic      | 3 4 |  4.3
Fighting       | 1 2 |  2.1
Spellcasting   | 3 |  3.7
Dodging        | |  2.6
Stealth        | |  2.6

Action                   |  1- 3 |  4- 6 || total
-------------------------+-------+-------++-------
Melee: Unarmed           |    10 |    11 ||    21
 Cast: Shock             |    67 |   178 ||   245
       Airstrike         |       |     1 ||     1
  Use: Scroll            |       |    12 ||    12
  Eat: Chunk             |     8 |    14 ||    22
Armor: Skin              |     3 |       ||     3
Dodge: Dodged            |    15 |    56 ||    71

Table legend:
 A = Non-vault XP
 B = Vault XP
 C = Vault XP percentage of total XP
 D = Non-vault monster count
 E = Vault monster count
 F = Vault count percentage of total count
                 A         B        C        D         E       F
            +---------+---------+-------+---------+---------+-------
      Total |     400 |      32 |   7.4 |      69 |       1 |   1.4
            +---------+---------+-------+---------+---------+-------
        D:1 |      50 |       0 |   0.0 |      16 |       0 |   0.0
        D:2 |      60 |      32 |  34.8 |      15 |       1 |   6.2
        D:3 |      39 |       0 |   0.0 |      14 |       0 |   0.0
        D:4 |     197 |       0 |   0.0 |      18 |       0 |   0.0
        D:5 |      54 |       0 |   0.0 |       6 |       0 |   0.0
            +---------+---------+-------+---------+---------+-------
